PAAA
ROYSE CITY TARGARYENS @ PHOENIX HOTSPUR RESERVES
07/27/2022
 
TOP OF THE 1ST
Royse City Targaryens batting - Pitching for Phoenix Hotspur Reserves : LHP Elroy Gardner
Pitching: LHP Elroy Gardner
Batting: RHB Alden Wiley 0-0: Ball
1-0: Foul Ball, location: 2F
1-1: Swinging Strike
1-2: Strikes out swinging
Batting: RHB Dave Thompson 0-0: Ball
1-0: Ball
2-0: Foul Ball, location: 2F
2-1: Ball
3-1: Foul Ball, location: 2F
3-2: Base on Balls
Batting: SHB Eugene Parrish 0-0: Ball
1-0: Ball
2-0: Called Strike
2-1: DOUBLE (Line Drive, 78XD)
Dave Thompson to third
Batting: RHB Domingo García 0-0: Swinging Strike
0-1: Foul Ball, location: 2F
0-2: Strikes out looking
Batting: RHB Héctor Ruíz 0-0: Swinging Strike
0-1: Ball
1-1: Called Strike
1-2: Ball
2-2: Ground out U3 (Groundball, 3)
Top of the 1st over - 0 run(s), 1 hit(s), 0 error(s), 2 left on base; Royse City 0 - Phoenix 0
BOTTOM OF THE 1ST
Phoenix Hotspur Reserves batting - Pitching for Royse City Targaryens : LHP Hank Downey
Pitching: LHP Hank Downey
Batting: RHB Gabriel Pérez 0-0: Called Strike
0-1: Ball
1-1: Foul Ball, location: 2F
1-2: Ball
2-2: Ball
3-2: Foul Ball, location: 2F
3-2: Base on Balls
Batting: RHB Ben Anderson 0-0: 2-RUN HOME RUN (Flyball, 7D), Distance : 372 ft
Batting: RHB Jorge Gonzáles 0-0: Called Strike
0-1: Swinging Strike
0-2: SINGLE (Groundball, 56D)
Batting: RHB Martín Martínez 0-0: Ball
1-0: Ball
2-0: Ball
3-0: Base on Balls
Jorge Gonzáles to second
Batting: RHB Fernando Rivera 0-0: Ball
1-0: Ball
2-0: Called Strike
2-1: Fly out, F8 (Flyball, 8LM)
Batting: RHB Randy Rehling 0-0: Ball
1-0: Ball
2-0: Called Strike
2-1: Foul Ball, location: 2F
2-2: Ball
3-2: Grounds into double play, 6-4-3 (Groundball, 56)
Bottom of the 1st over - 2 run(s), 2 hit(s), 0 error(s), 1 left on base; Royse City 0 - Phoenix 2
TOP OF THE 2ND
Royse City Targaryens batting - Pitching for Phoenix Hotspur Reserves : LHP Elroy Gardner
Batting: RHB Carl Good 0-0: Ball
1-0: Ground out 4-3 (Groundball, 13)
Batting: LHB Eduardo Álvarez 0-0: Ball
1-0: DOUBLE (Groundball, 3L)
Batting: RHB Bartolo Martínez 0-0: Called Strike
0-1: Ball
1-1: Ball
2-1: SINGLE (Line Drive, 6MD)
Eduardo Álvarez to third
Runner from 3rd tries for Home, SAFE, no throw or cutoff
Batting: RHB Sancho Balderas 0-0: Swinging Strike
0-1: Foul Ball, location: 2F
0-2: Foul Ball, location: 2F
0-2: Strikes out swinging
Batting: RHB Alden Wiley 0-0: Ball
Wild Pitch!
Bartolo Martínez to second
1-0: Ball
2-0: Ground out 6-3 (Groundball, 6)
Top of the 2nd over - 1 run(s), 2 hit(s), 0 error(s), 1 left on base; Royse City 1 - Phoenix 2
BOTTOM OF THE 2ND
Phoenix Hotspur Reserves batting - Pitching for Royse City Targaryens : LHP Hank Downey
Batting: RHB Júlio Mateo 0-0: Called Strike
0-1: Ball
1-1: Foul Ball, location: 2F
1-2: Ground out 6-3 (Groundball, 6)
Batting: SHB Jesús González 0-0: Called Strike
0-1: Ball
1-1: Ball
2-1: Ball
3-1: Base on Balls
Batting: RHB Alejandro Ibarra 0-0: Ball
1-0: Called Strike
1-1: Ball
2-1: Ball
3-1: Base on Balls
Jesús González to second
Batting: RHB Gabriel Pérez 0-0: Foul Ball, location: 2F
0-1: Ball
1-1: Fly out, F4 (Line Drive, 4S)
Batting: RHB Ben Anderson 0-0: Ball
1-0: Ground out 6-3 (Groundball, 6)
Bottom of the 2nd over - 0 run(s), 0 hit(s), 0 error(s), 2 left on base; Royse City 1 - Phoenix 2
TOP OF THE 3RD
Royse City Targaryens batting - Pitching for Phoenix Hotspur Reserves : LHP Elroy Gardner
Batting: RHB Dave Thompson 0-0: Called Strike
0-1: Ball
1-1: Called Strike
1-2: Ball
2-2: Strikes out swinging
Batting: SHB Eugene Parrish 0-0: Ball
1-0: Foul Ball, location: 2F
1-1: Foul Ball, location: 2F
1-2: Strikes out swinging
Batting: RHB Domingo García 0-0: Called Strike
0-1: Ball
1-1: Foul Ball, location: 2F
1-2: Foul Ball, location: 2F
1-2: Ball
2-2: Ball
3-2: DOUBLE (Flyball, 78XD)
Batting: RHB Héctor Ruíz 0-0: Foul Ball, location: 2F
0-1: Foul Ball, location: 2F
0-2: Ball
1-2: Strikes out swinging
Top of the 3rd over - 0 run(s), 1 hit(s), 0 error(s), 1 left on base; Royse City 1 - Phoenix 2
BOTTOM OF THE 3RD
Phoenix Hotspur Reserves batting - Pitching for Royse City Targaryens : LHP Hank Downey
Batting: RHB Jorge Gonzáles 0-0: Ball
1-0: Foul Ball, location: 2F
1-1: Foul Ball, location: 2F
1-2: Foul Ball, location: 2F
1-2: Ball
2-2: Foul Ball, location: 2F
2-2: Fly out, F9 (Flyball, 89D)
Batting: RHB Martín Martínez 0-0: Ball
1-0: Ground out 6-3 (Groundball, 6)
Batting: RHB Fernando Rivera 0-0: Ball
1-0: Ground out 4-3 (Groundball, 4)
Bottom of the 3rd over - 0 run(s), 0 hit(s), 0 error(s), 0 left on base; Royse City 1 - Phoenix 2
TOP OF THE 4TH
Royse City Targaryens batting - Pitching for Phoenix Hotspur Reserves : LHP Elroy Gardner
Batting: RHB Carl Good 0-0: Ball
1-0: Called Strike
1-1: Ball
2-1: Foul Ball, location: 2F
2-2: Foul Ball, location: 2F
2-2: Ball
3-2: SINGLE (Groundball, 34D)
Batting: LHB Eduardo Álvarez 0-0: Fielders Choice at 2nd, 4-6 (Groundball, 34)
Pitching: RHP Roderick Draper
Batting: RHB Bartolo Martínez 0-0: Called Strike
0-1: Fly out, F9 (Flyball, 89S)
Batting: RHB Sancho Balderas 0-0: Called Strike
0-1: Ball
1-1: Ball
2-1: Ball
3-1: Base on Balls
Eduardo Álvarez to second
Batting: RHB Alden Wiley 0-0: Ball
1-0: Ball
2-0: Called Strike
2-1: Ball
3-1: Fly out, F7 (Flyball, 7LM)
Top of the 4th over - 0 run(s), 1 hit(s), 0 error(s), 2 left on base; Royse City 1 - Phoenix 2
BOTTOM OF THE 4TH
Phoenix Hotspur Reserves batting - Pitching for Royse City Targaryens : LHP Hank Downey
Batting: RHB Randy Rehling 0-0: Called Strike
0-1: Foul Ball, location: 2F
0-2: Ball
1-2: Strikes out swinging
Batting: RHB Júlio Mateo 0-0: Ball
1-0: Ball
2-0: Ball
3-0: Fly out, F3 (Popup, 3F)
Batting: SHB Jesús González 0-0: Foul Ball, location: 2F
0-1: Foul Ball, location: 2F
0-2: Ball
1-2: Fly out, F7 (Flyball, 7M)
Bottom of the 4th over - 0 run(s), 0 hit(s), 0 error(s), 0 left on base; Royse City 1 - Phoenix 2
TOP OF THE 5TH
Royse City Targaryens batting - Pitching for Phoenix Hotspur Reserves : RHP Roderick Draper
Batting: RHB Dave Thompson 0-0: Ball
1-0: Ball
2-0: SOLO HOME RUN (Flyball, 78XD), Distance : 414 ft
Batting: SHB Eugene Parrish 0-0: Swinging Strike
0-1: Called Strike
0-2: Ball
1-2: Strikes out swinging
Batting: RHB Domingo García 0-0: Ball
1-0: Called Strike
1-1: Ball
2-1: Foul Ball, location: 2F
2-2: Ball
3-2: DOUBLE (Flyball, 7D)
Batting: RHB Héctor Ruíz 0-0: Hit by Pitch
Batting: RHB Carl Good 0-0: Foul Ball, location: 2F
0-1: Ball
1-1: Swinging Strike
1-2: Foul Ball, location: 2F
1-2: Ball
2-2: Grounds into double play, 1-4-3 (Groundball, 15)
Top of the 5th over - 1 run(s), 2 hit(s), 0 error(s), 1 left on base; Royse City 2 - Phoenix 2
BOTTOM OF THE 5TH
Phoenix Hotspur Reserves batting - Pitching for Royse City Targaryens : LHP Hank Downey
Pitching: LHP Dan Boyle
Batting: RHB Alejandro Ibarra 0-0: Ball
1-0: Ball
2-0: Called Strike
2-1: Called Strike
2-2: Strikes out swinging
Batting: RHB Gabriel Pérez 0-0: Ball
1-0: Bunted foul
1-1: Ball
2-1: Fly out, F7 (Flyball, 7M)
Batting: RHB Ben Anderson 0-0: Ball
1-0: Ball
2-0: Foul Ball, location: 2F
2-1: Called Strike
2-2: Strikes out swinging
Bottom of the 5th over - 0 run(s), 0 hit(s), 0 error(s), 0 left on base; Royse City 2 - Phoenix 2
TOP OF THE 6TH
Royse City Targaryens batting - Pitching for Phoenix Hotspur Reserves : RHP Roderick Draper
Batting: LHB Eduardo Álvarez 0-0: Called Strike
0-1: Ball
1-1: Ball
2-1: Foul Ball, location: 2F
2-2: Foul Ball, location: 2F
2-2: Foul Ball, location: 2F
2-2: Ground out 6-3 (Groundball, 6M)
Batting: RHB Bartolo Martínez 0-0: Foul Ball, location: 2F
0-1: Ball
1-1: Ball
2-1: Fly out, F8 (Flyball, 8LM)
Batting: RHB Sancho Balderas 0-0: Called Strike
0-1: Foul Ball, location: 2F
0-2: SINGLE (Line Drive, 4M)
Batting: RHB Alden Wiley 0-0: Ball
1-0: Called Strike
1-1: Ball
2-1: Foul Ball, location: 2F
2-2: Ball
3-2: Foul Ball, location: 2F
3-2: Foul Ball, location: 2F
3-2: Fly out, F7 (Flyball, 7M)
Top of the 6th over - 0 run(s), 1 hit(s), 0 error(s), 1 left on base; Royse City 2 - Phoenix 2
BOTTOM OF THE 6TH
Phoenix Hotspur Reserves batting - Pitching for Royse City Targaryens : LHP Dan Boyle
Pitching: RHP Tom Rosas
Batting: RHB Jorge Gonzáles 0-0: Swinging Strike
0-1: Called Strike
0-2: Ball
1-2: Ball
2-2: Ball
3-2: Strikes out looking
Batting: RHB Martín Martínez 0-0: Ball
1-0: Swinging Strike
1-1: Ball
2-1: SINGLE (Groundball, 6MD)
Batting: RHB Fernando Rivera 0-0: Grounds into double play, 5-4-3 (Groundball, 56)
Bottom of the 6th over - 0 run(s), 1 hit(s), 0 error(s), 0 left on base; Royse City 2 - Phoenix 2
TOP OF THE 7TH
Royse City Targaryens batting - Pitching for Phoenix Hotspur Reserves : RHP Roderick Draper
Pitching: RHP Miguel Angel Liñares
Batting: RHB Dave Thompson 0-0: Ball
1-0: SINGLE (Line Drive, 8LS)
Batting: SHB Eugene Parrish 0-0: Called Strike
0-1: Ball
1-1: Swinging Strike
1-2: SINGLE (Line Drive, 9LS)
Dave Thompson to second
Batting: RHB Domingo García 0-0: Swinging Strike
0-1: Grounds into double play, 6-4-3 (Groundball, 6)
Dave Thompson to third
Pinch Hitting: LHB Carlos Álvarez 0-0: Fly out, F6 (Popup, 5L)
Top of the 7th over - 0 run(s), 2 hit(s), 0 error(s), 1 left on base; Royse City 2 - Phoenix 2
BOTTOM OF THE 7TH
Phoenix Hotspur Reserves batting - Pitching for Royse City Targaryens : RHP Tom Rosas
Now in RF: Carlos Álvarez
Batting: RHB Randy Rehling 0-0: Called Strike
0-1: Foul Ball, location: 2F
0-2: Strikes out looking
Batting: RHB Júlio Mateo 0-0: Ball
1-0: Ball
2-0: Called Strike
2-1: Called Strike
2-2: Fly out, F9 (Flyball, 89S)
Pinch Hitting: LHB Jim Unknown 0-0: Ball
1-0: Ball
2-0: Called Strike
2-1: Swinging Strike
2-2: Foul Ball, location: 2F
2-2: SINGLE (Flyball, 78M)
Pinch Hitting: RHB Christian O'Neal 0-0: SINGLE (Groundball, 4MD)
Jim Unknown to second
Batting: RHB Gabriel Pérez 0-0: Ball
1-0: Ball
2-0: Called Strike
2-1: SINGLE (Groundball, 6M)
Jim Unknown to third
Christian O'Neal to second
Runner from 3rd tries for Home, SAFE, no throw or cutoff
Batting: RHB Ben Anderson 0-0: Foul Ball, location: 2F
0-1: Foul Ball, location: 2F
0-2: Ball
1-2: Foul Ball, location: 2F
1-2: Strikes out swinging
Bottom of the 7th over - 1 run(s), 3 hit(s), 0 error(s), 2 left on base; Royse City 2 - Phoenix 3
TOP OF THE 8TH
Royse City Targaryens batting - Pitching for Phoenix Hotspur Reserves : RHP Miguel Angel Liñares
Pitching: RHP Pat McCormick
Now at 1B: Jim Unknown
Now in RF: Christian O'Neal
Batting: RHB Carl Good 0-0: Called Strike
0-1: Called Strike
0-2: Ball
1-2: Strikes out swinging
Pitching: LHP Ray Davis
Batting: LHB Eduardo Álvarez 0-0: Called Strike
0-1: Ball
1-1: Called Strike
1-2: Ball
2-2: Strikes out looking
Pitching: RHP Luis Fernández
Batting: RHB Bartolo Martínez 0-0: Ball
1-0: Foul Ball, location: 2F
1-1: Foul Ball, location: 2F
1-2: Ball
2-2: SINGLE (Line Drive, 7LS)
Batting: RHB Sancho Balderas 0-0: Ball
1-0: Fly out, F8 (Flyball, 8LM)
Top of the 8th over - 0 run(s), 1 hit(s), 0 error(s), 1 left on base; Royse City 2 - Phoenix 3
BOTTOM OF THE 8TH
Phoenix Hotspur Reserves batting - Pitching for Royse City Targaryens : RHP Tom Rosas
Batting: RHB Jorge Gonzáles 0-0: Ground out 6-3 (Groundball, 6)
Batting: RHB Martín Martínez 0-0: Ball
1-0: Ball
2-0: Ball
3-0: Called Strike
3-1: Ground out 2-3 (Groundball, 25)
Batting: RHB Fernando Rivera 0-0: Ball
1-0: Foul Ball, location: 2F
1-1: Foul Ball, location: 2F
1-2: Ball
2-2: Ball
3-2: Fly out, F7 (Flyball, 78M)
Bottom of the 8th over - 0 run(s), 0 hit(s), 0 error(s), 0 left on base; Royse City 2 - Phoenix 3
TOP OF THE 9TH
Royse City Targaryens batting - Pitching for Phoenix Hotspur Reserves : RHP Luis Fernández
Pitching: RHP Rewa Malaki
Now at 2B: John Boatner
Batting: RHB Alden Wiley 0-0: Ball
1-0: Foul Ball, location: 2F
1-1: Swinging Strike
1-2: Ball
2-2: Ball
3-2: Foul Ball, location: 2F
3-2: Foul Ball, location: 2F
3-2: Base on Balls
Batting: RHB Dave Thompson
Pinch Hitting: LHB Fernando Ramírez 0-0: Sac Bunt - play at first, batter OUT! 1-4
Alden Wiley to second
Batting: SHB Eugene Parrish 0-0: Ball
1-0: Ball
2-0: Ball
3-0: Called Strike
3-1: Fly out, F4 (Line Drive, 4)
3-1: Lined into DP, 4-6 (Line Drive, 4)
Top of the 9th over - 0 run(s), 0 hit(s), 0 error(s), 0 left on base; Royse City 2 - Phoenix 3
This league is powered by Out of the Park Baseball, the baseball management simulation game for PC, Mac and Linux
Friday, April 15th, 2016 - OOTP Baseball 16.9 Build 39